AoeStats
← wilsonso35

Nomad

508871236Analyzed
4v4 RM · 7d ago on Sep 24, 2026· 52m 37s· 8 players
Game mode
Random Map
Map size
231×231
Population
200
Speed
Normal
Resources
Standard
Victory
Conquest
Starting age
Dark Age
Ending age
Imperial Age
RankedLock teamsTeams togetherTeam positionsShared explorationLock speedFull tech treeHidden civsTurbo modeCheats
Victory
Defeat
🇦🇹 Ethiopians · Austria
1174
+15
🇭🇰 Mongols · Hong Kong SAR China
1166
+15
🇧🇷 Malay · Brazil
1145
+16
🇨🇳 Vietnamese · China
1117
+17
🇨🇳 Bohemians · China
1200
-18
🇨🇳 Vikings · China
1125
-15
🇹🇼 Danes · Taiwan
1118
-15
🇹🇼 Byzantines · Taiwan
1116
-15
Bilugo
10:37 Loom
13:44 Feudal Age
14:53 Fletching
19:10 Padded Archer Armor
25:28 Castle Age
25:16 Medium Warships
24:50 Fishing Lines
26:06 Bodkin Arrow
27:40 Gillnets
35:26 Scale Barding Armor
35:32 Forging
37:10 Husbandry
37:46 Iron Casting
37:09 Double-Bit Axe
37:10 Horse Collar
41:36 Thalassocracy
48:00 Imperial Age
46:38 Light Cavalry
48:11 Squires
49:43 Elite Battle Elephant
52:17 Blast Furnace
51:42 Gold Mining
19MCMLXXXIV84
4:45 Loom
13:17 Feudal Age
19:25 Wheelbarrow
18:39 Double-Bit Axe
21:00 Fishing Lines
27:06 Castle Age
28:50 Hand Cart
31:50 Scale Mail Armor
32:01 Forging
34:07 Chain Mail Armor
36:36 Gold Mining
40:40 Town Watch
45:04 Gillnets
49:30 Imperial Age
49:53 Elite Shotel Warrior
wilsonso35
4:29 Loom
14:58 Feudal Age
16:29 Wheelbarrow
15:43 Double-Bit Axe
16:15 Fishing Lines
20:21 Castle Age
18:21 Gold Mining
18:25 Horse Collar
21:17 Hand Cart
21:16 Bow Saw
21:08 Heavy Plow
21:36 Medium Warships
21:25 Town Watch
24:42 Stone Mining
25:57 Gold Shaft Mining
25:56 Gillnets
27:13 Stone Shaft Mining
32:43 Imperial Age
30:30 Masonry
31:21 Ballistics
31:22 Fletching
31:34 Husbandry
31:53 Town Patrol
31:58 Bodkin Arrow
32:45 Padded Archer Armor
33:16 Bloodlines
34:30 Conscription
34:29 Bracer
35:22 Leather Archer Armor
35:43 Caravan
37:13 Chemistry
37:07 Scale Barding Armor
37:42 Thumb Ring
38:37 Chain Barding Armor
39:23 Forging
40:18 Parthian Tactics
40:52 Iron Casting
40:38 Heavy Camel Rider
42:23 Elite Mangudai
45:06 Blast Furnace
46:09 Siege Engineers
46:06 Scale Mail Armor
47:00 Nomads
49:16 Drill
51:03 Chain Mail Armor
52:18 Hoardings
53:00 Fortified Wall
53:24 Plate Mail Armor
53:13 Fervor
伊御
8:48 Loom
14:47 Feudal Age
16:41 Double-Bit Axe
19:30 Castle Age
18:11 Fletching
20:36 Bow Saw
20:03 Crossbowman
20:45 Horse Collar
21:31 Bodkin Arrow
26:38 Thumb Ring
27:08 Heavy Plow
29:24 Padded Archer Armor
30:36 Leather Archer Armor
34:09 Imperial Age
34:25 Gold Mining
36:57 Bracer
37:36 Wheelbarrow
38:47 Ballistics
40:13 Arbalester
42:03 Two-Man Saw
41:50 Ring Archer Armor
48:04 Chemistry
魯肉飯
4:04 Loom
11:37 Loom
15:44 Feudal Age
19:12 Wheelbarrow
23:21 Castle Age
24:31 Fletching
25:34 Elite Skirmisher
29:49 Gold Mining
30:44 Husbandry
31:31 Forging
31:28 Scale Barding Armor
33:05 Iron Casting
34:25 Light Cavalry
39:03 Chain Barding Armor
43:35 Imperial Age
41:01 Stone Mining
猪队友怕不怕
4:56 Loom
14:12 Feudal Age
14:43 Double-Bit Axe
21:39 Castle Age
26:54 Medium Warships
28:49 Fletching
29:06 Horse Collar
30:26 Heavy Plow
31:05 Bow Saw
37:48 Imperial Age
35:57 Scale Mail Armor
36:08 Forging
37:48 Gold Mining
38:04 Chieftains
38:46 Chain Mail Armor
38:01 Capped Ram
39:37 Siege Ram
41:35 Plate Mail Armor
41:41 Iron Casting
42:39 Elite Berserk
43:59 Iron Casting
44:38 Hoardings
46:42 Crop Rotation
即刻救援
16:30 Feudal Age
17:17 Man-at-Arms
25:48 Loom
26:44 Forging
26:44 Stone Mining
30:57 Double-Bit Axe
31:28 Arson
37:17 Castle Age
39:29 Gold Mining
41:27 Horse Collar
41:57 Gambesons
42:49 Long Swordsman
44:53 Squires
ouujkj
7:20 Loom
12:34 Feudal Age
16:57 Castle Age
16:10 Double-Bit Axe
17:55 Bow Saw
26:40 Imperial Age
29:38 Wheelbarrow
30:37 Two-Man Saw
30:18 Wheelbarrow
35:35 Fletching
39:21 Elite Hussite Wagon
41:43 Pikeman
42:37 Scale Mail Armor
44:52 Conscription
45:23 Conscription
45:36 Halberdier
46:16 Squires
46:28 Forging
47:09 Chain Mail Armor
Connection lost

Rejoining the realm…

Still unreachable

The connection could not be restored.

Session expired

The server has moved on; the page needs a fresh start.